 Seeded DCSS version 0.27-a0-1191-g601b473118 (webtiles) character file.

Game seed: 16767568107801894396 (custom seed)

772317 Shayle the Cryomancer (level 27, -12/403 HPs)
             Began as a Merfolk Warper on May 22, 2021.
             Was an Initiate of Gozag.
             Killed by divine providence
             ... invoked by a royal mummy
              (16 damage)
             ... on level 1 of the Tomb of the Ancients on May 24, 2021.
             The game lasted 08:18:32 (123662 turns).

Shayle the Cryomancer (Merfolk Warper)            Turns: 123662, Time: 08:18:33

Health: -12/403    AC: 34    Str: 17 (19) XL:     27
Magic:  0/43       EV: 22    Int: 20      God:    Gozag
Gold:   272        SH: 13    Dex: 14      Spells: 19/58 levels left

rFire    + . .     SeeInvis +   W - +18 lance "Wyrmbane" {slay drac, rPois rF+ rC+ AC+3}
rCold    + . .     Faith    .   t - +3 buckler
rNeg     + + +     Spirit   +   (armour currently unavailable)
rPois    ∞         Reflect  +   o - +2 hat of the Bear Spirit {Spirit, +Rage rN+ Will++}
rElec    +         Harm     .   L - +1 cloak of Starlight {*Dazzle EV+4 Stlth--}
rCorr    +         Rampage  .   (gloves currently unavailable)
Will     +++++                  (boots currently unavailable)
Stlth    ..........             S - amulet of reflection
HPRegen  0.77/turn              f - ring of the Mage {Wiz Will++ Int+3}
MPRegen  0.28/turn              w - ring "Bamo" {rN+ rCorr SInv}

@: berserking (expiring), statue-form, unable to drink, slowed, studying 2
skills, bribing [the Tomb of the Ancients], very slow
A: slow and powerful, torment resistance 1, boosted hp, no potions, (nimble
swimmer 2), mertail, strong-willed 1, mutation resistance 1
}: 5/15 runes: decaying, serpentine, slimy, silver, abyssal
a: End Transformation, Renounce Religion, Evoke Berserk Rage, Potion Petition,
Call Merchant, Bribe Branch


You were on level 1 of the Tomb of the Ancients.
You worshipped Gozag.
Gozag was aware of your devotion.
You were a living statue of rough stone.
You visited 12 branches of the dungeon, and saw 55 of its levels.
You visited the Abyss 9 times.
You also visited: Ossuary, Bailey, Ice Cave and Wizlab.

You collected 42953 gold pieces.
You spent 9658 gold pieces at shops.
You paid 33023 gold pieces to Gozag.

Inventory:

Hand Weapons
 l - the +7 great mace "Undeadhunter" {disrupt, rN+}
   (You bought it in a shop on level 2 of the Dungeon)

   It protects you from negative energy.
 W - the +18 lance "Wyrmbane" (weapon) {slay drac, rPois rF+ rC+ AC+3}
   (You found it on level 9 of the Dungeon)

   It affects your AC (+3).
   It protects you from fire.
   It protects you from cold.
   It protects you from poison.
 Z - the +10 dagger of Dissent {vamp, rElec rF+ Str+4 Dex+3}
   (You found it on level 6 of the Lair of Beasts)

   It inflicts no extra harm, but heals its wielder when it wounds a living foe.
   It affects your strength (+4).
   It affects your dexterity (+3).
   It protects you from fire.
   It insulates you from electricity.
Missiles
 m - 29 atropa-tipped darts (quivered)
 y - 4 silver boomerangs
 G - 31 silver javelins
 Q - 7 boomerangs of dispersal
 U - 28 curare-tipped darts
Armour
 o - the +2 hat of the Bear Spirit (worn) {Spirit, +Rage rN+ Will++}
   (You found it on level 5 of the Pits of Slime)

   It protects you from negative energy.
   It lets you go berserk.
   It greatly increases your willpower.
 t - a +3 buckler (worn)
 I - +10 pearl dragon scales (melded)
 L - the +1 cloak of Starlight (worn) {*Dazzle EV+4 Stlth--}
   (You bought it in a shop on level 8 of the Dungeon)

   It affects your evasion (+4).
   It makes you much less stealthy.
 O - a +2 pair of boots (melded)
 V - the +4 pair of gloves of Poor Excuses (melded) {Rampage}
   (You found it on level 5 of the Vaults)

   It bestows one free step when moving towards enemies.
Jewellery
 c - the ring "Mucejiho" {rC+ MP+9 Int+6}
   (You found it on level 1 of the Snake Pit)

   [ring of magical power]

   It affects your intelligence (+6).
   It protects you from cold.
   It affects your magic capacity (+9).
 f - the ring of the Mage (left fist) {Wiz Will++ Int+3}
   (You bought it in a shop on level 13 of the Dungeon)

   [ring of wizardry]

   It improves your spell success rate.
   It affects your intelligence (+3).
   It greatly increases your willpower.
 h - the ring of Freedom {+Blink rF+ rN+ Will+ AC+4}
   (You acquired it on level 2 of the Dungeon)

   [ring of protection]

   It affects your AC (+4).
   It protects you from fire.
   It protects you from negative energy.
   It lets you blink.
   It increases your willpower.
 w - the ring "Bamo" (right fist) {rN+ rCorr SInv}
   (You acquired it on level 2 of the Elven Halls)

   [ring of resist corrosion]

   It protects you from negative energy.
   It lets you see invisible.
   It protects you from acid and corrosion.
 S - an amulet of reflection (around neck)
Wands
 a - a wand of flame (150)
 u - a wand of mindburst (18)
 v - a wand of digging (15)
 B - a wand of acid (4)
 P - a wand of paralysis (31)
 T - a wand of iceblast (56)
Scrolls
 b - 40 scrolls of identify
 d - 5 scrolls of blinking
 e - 2 scrolls of enchant weapon
 i - 8 scrolls of vulnerability
 r - 2 scrolls of amnesia
 z - 19 scrolls of teleportation
 C - a scroll of enchant armour
 F - 12 scrolls of fear
 M - 9 scrolls of magic mapping
 N - 4 scrolls of fog
 Y - 6 scrolls of silence
Potions
 g - 5 potions of might
 j - 3 potions of invisibility
 k - 21 potions of flight
 n - 3 potions of ambrosia
 p - 17 potions of curing
 q - 12 potions of mutation
 s - 20 potions of haste
 x - a potion of berserk rage
 A - 2 potions of heal wounds
 E - 8 potions of magic
 H - 9 potions of brilliance
 X - 2 potions of cancellation
Miscellaneous
 J - a condenser vane


   Skills:
 - Level 15.1 Fighting
 - Level 12.0 Polearms
 - Level 1.0 Throwing
 - Level 21.5 Armour
 - Level 13.1 Dodging
 - Level 4.0 Shields
 + Level 16.4 Spellcasting
 - Level 18.1 Translocations
 - Level 21.6 Ice Magic
 - Level 19.0 Earth Magic
 - Level 9.9 Evocations


You had 19 spell levels left.
You knew the following spells:

 Your Spells              Type           Power      Damage    Failure   Level
a - Blink                 Tloc           N/A        N/A       0%          2
b - Wereblood             Tmut           16%        N/A       2%          2
c - Stone Arrow           Conj/Erth      100%       3d13      1%          3
d - Lee's Rapid Deconstr  Erth           37%        3d20*     1%          5
e - Statue Form           Tmut/Erth      35%        N/A       4%          6
f - Manifold Assault      Tloc           73%        N/A       1%          5
g - Ozocubu's Refrigerat  Ice            40%        4d13      1%          7
h - Absolute Zero         Ice            40%        ∞         21%         9

Your spell library contained the following spells:

 Spells                   Type           Power      Damage    Failure   Level
 Apportation              Tloc           100%       N/A       0%          1
 Freeze                   Ice            100%       1d11      0%          1
 Sandblast                Erth           100%       2d20      0%          1
 Frozen Ramparts          Ice            100%       1d12      0%          3
 Gell's Gravitas          Tloc           36%        N/A       0%          3
 Lesser Beckoning         Tloc           36%        N/A       0%          3
 Ozocubu's Armour         Ice            80%        N/A       0%          3
 Teleport Other           Tloc           73%        N/A       0%          3
 Passage of Golubria      Tloc           N/A        N/A       0%          4
 Animate Skeleton         Necr           32%        N/A       1%          1
 Beastly Appendage        Tmut           32%        N/A       1%          1
 Corona                   Hex            17%        N/A       1%          1
 Magic Dart               Conj           64%        1d6       1%          1
 Pain                     Necr           64%        1d7       1%          1
 Shock                    Conj/Air       64%        1d7       1%          1
 Sting                    Tmut/Pois      64%        1d6       1%          1
 Summon Small Mammal      Summ           64%        N/A       1%          1
 Ensorcelled Hibernation  Hex/Ice        100%       N/A       1%          2
 Passwall                 Tmut/Erth      44%        N/A       1%          2
 Portal Projectile        Hex/Tloc       100%       N/A       1%          3
 Animate Armour           Summ/Erth      100%       N/A       1%          4
 Hailstorm                Conj/Ice       56%        3d12      1%          4
 Ice Form                 Ice/Tmut       56%        N/A       1%          4
 Iskenderun's Mystic Bla  Conj/Tloc      51%        2d11      1%          4
 Leda's Liquefaction      Hex/Erth       26%        N/A       1%          4
 Petrify                  Tmut/Erth      53%        N/A       1%          4
 Summon Ice Beast         Ice/Summ       56%        N/A       1%          4
 Borgnjor's Vile Clutch   Necr/Erth      26%        N/A       1%          5
 Metabolic Englaciation   Hex/Ice        28%        N/A       1%          5
 Summon Forest            Summ/Tloc      25%        N/A       1%          5
 Dispersal                Tloc           36%        N/A       1%          6
 Call Imp                 Summ           16%        N/A       2%          2
 Corpse Rot               Necr/Air       N/A        N/A       2%          2
 Poisonous Vapours        Pois/Air       32%        N/A       2%          2
 Searing Ray              Conj           32%        3d4       2%          2
 Slow                     Hex            16%        N/A       2%          2
 Static Discharge         Conj/Air       16%        N/A       2%          2
 Simulacrum               Ice/Necr       28%        N/A       2%          6
 Bolt of Magma            Conj/Fire/Erth 20%        4d10      3%          5
 Confusing Touch          Hex            16%        N/A       4%          3
 Conjure Flame            Conj/Fire      16%        6-21      4%          3
 Dazzling Flash           Conj/Hex       32%        N/A       4%          3
 Ignite Poison            Fire/Tmut/Pois 16%        N/A       4%          3
 Mephitic Cloud           Conj/Pois/Air  16%        N/A       4%          3
 Spider Form              Tmut/Pois      8%         N/A       4%          3
 Swiftness                Air            16%        N/A       4%          3
 Tukima's Dance           Hex            16%        N/A       4%          3
 Vampiric Draining        Necr           8%         2d7       4%          3
 Iron Shot                Conj/Erth      26%        9d6       4%          6
 Disjunction              Tloc           36%        N/A       6%          8
 Freezing Cloud           Conj/Ice/Air   22%        6-21      12%         6
 Airstrike                Air            8%         N/A       14%         4
 Animate Dead             Necr           8%         N/A       14%         4
 Fulminant Prism          Conj/Hex       8%         3d7       14%         4
 Olgreb's Toxic Radiance  Pois           16%        N/A       14%         4
 Malign Gateway           Summ/Tloc      25%        N/A       28%         7
 Agony                    Necr           16%        N/A       36%         5
 Alistair's Intoxication  Tmut/Pois      10%        N/A       36%         5
 Hydra Form               Tmut           8%         N/A       36%         5
 Irradiate                Conj/Tmut      8%         3d16      36%         5
 Lightning Bolt           Conj/Air       8%         1d20      36%         5
 Silence                  Hex/Air        8%         N/A       36%         5
 Yara's Violent Unravell  Hex/Tmut       8%         3d5       36%         5
 Shatter                  Erth           37%        3d30*     47%         9
 Lehudib's Crystal Spear  Conj/Erth      26%        10d7      86%         8
 Blade Hands              Tmut           8%         N/A       89%         6
 Death Channel            Necr           8%         N/A       89%         6
 Eringya's Noxious Bog    Tmut/Pois      8%         N/A       89%         6
 Invisibility             Hex            16%        N/A       89%         6
 Shadow Creatures         Summ           N/A        N/A       89%         6
 Dragon Form              Tmut           8%         N/A       100%        7
 Summon Hydra             Summ           8%         N/A       100%        7
 Chain Lightning          Conj/Air       8%         N/A       100%        8
 Fire Storm               Conj/Fire      8%         8d2       100%        9


Dungeon Overview and Level Annotations

Branches:
Dungeon (15/15)            Temple (1/1) D:5            Lair (6/6) D:8
  Swamp (4/4) Lair:3        Snake (4/4) Lair:3        Slime (5/5) Lair:6
    Orc (2/2) D:12            Elf (3/3) Orc:2        Vaults (5/5) D:14
  Crypt (3/3) Vaults:2       Tomb (2/3) Crypt:3      Depths (5/5) D:15
    Zot (0/5) Depths:5    Ossuary (visited)          Bailey (visited)
  IceCv (visited)          WizLab (visited)

Altars:
Ashenzari
Cheibriados
Dithmenos
Elyvilon
Fedhas
Gozag
Hepliaklqana
Kikubaaqudgha
Makhleb
Nemelex Xobeh
Okawaru
Qazlal
Ru
Sif Muna
Trog
Uskayaw
Vehumet
Wu Jian
Xom
Yredelemnul
Zin
The Shining One
Jiyva

Shops:
D:1 !   D:2 ::!(*   D:5 [(   D:6 [(*!   D:7 !   D:8 [   D:11 *   D:13 =
Orc:2 *(:[   Elf:1 (   Elf:3 (   Vaults:1 *   Vaults:3 [   Vaults:5 !?

Portals:
Hell: Depths:1 Depths:2 Depths:3 Depths:4 Depths:5
Abyss: Depths:4
Pandemonium: Depths:3
Ziggurat: Depths:1

Annotations:
Snake:4 2 transporters, Cengyal's ghost, adept MiGl
Crypt:1 2 runed translucent doors, Litabreata's ghost, veteran FoFi


Innate Abilities, Weirdness & Mutations

You are a living statue of rough stone.
Your actions are slow, but your melee attacks are powerful.
You are resistant to unholy torment.
Your maximum health is greatly increased.
You are immune to poison.
Your equipment is partially melded.
You cannot drink.
((You are quick and stealthy near water. (Stealth+, EV+, Speed+++)))
Your lower body shifts to a powerful aquatic tail in water.
You are strong-willed. (Will+)
You are somewhat resistant to further mutation.


Message History

The royal mummy calls on the powers of darkness!
The emperor scorpion convulses! x2; Your body is wracked with pain!
* * * LOW HITPOINT WARNING * * *
Unknown command.
Okay, then.
You are too berserk!
Unknown command.
You are too berserk!
Unknown command.
Unknown command.
You cannot drink potions in your current state!
Unknown command.
You are too berserk!
Unknown command.
You rip the net and break free!
The death scarab waves its antennae.
You block the death scarab's attack. The royal mummy hits you!
* * * LOW HITPOINT WARNING * * *
The royal mummy casts a spell.
You block the royal mummy's attack.
The royal mummy mumbles some strange words.
The royal mummy gestures wildly while chanting.
You block the royal mummy's attack.
You cannot drink potions in your current state!
You can't go down here!
You can't go up here!
Okay, then.
Unknown command.
Okay, then.
You impale the royal mummy!!
The royal mummy is lightly damaged.
You block the death scarab's attack.
The royal mummy gestures wildly while chanting.
The death scarab closely misses you.
You closely miss the death scarab.
The death scarab is severely damaged.
The royal mummy casts a spell at you. Something smites you!
You die...
Your body crumbles into a pile of gold.

#.............................⌠.
#...............................
#...................(...........
#...............................
#............................8..
#.............................(.
#.........##################....
#.........# #### #.8..
#.........# #8B# #....
#.........# #MMBM.... #....
#.........# ##ssss..# #.8..
#.........# MM##... #....
#.........#


MB# .. #.... #.........# MBB # #.8.. #.........# BB^$ #.... #.........# B#..#
#.... #.........# #.8.. You could see 6 royal mummies, 4 emperor scorpions, a
mummy priest and 8 death scarabs.

Vanquished Creatures
  the Royal Jelly (Slime:5)
  2 dread liches
  4 ancient liches
  Mara (Vaults:4)
  Khufu (Tomb:1)
  3 juggernauts
  Sojobo (Vaults:4)
  5 royal mummies
  Boris (Depths:4)
  Bai Suzhen (Elf:3)
  2 caustic shrikes
  5 golden dragons
  A mutant beast (WizLab)
  Nikola (Elf:2)
  Jory (Tomb:1)
  7 bone dragons
  3 Hell Sentinels
  2 hellephants (Abyss:1)
  4 tentacled monstrosities
  14 liches
  Asterion (Elf:3)
  A quicksilver dragon (shapeshifter) (Vaults:4)
  3 quicksilver dragons
  2 deep elf master archers (Elf:3)
  14 acid blobs
  7 titans
  9 sphinxes
  3 ancient champions
  2 deep elf blademasters (Elf:3)
  2 Executioners
  4 thorn hunters
  15 tentacled starspawn
  7 tengu reavers
  8 azure jellies
  3 shadow dragons
  2 revenants (Crypt:2)
  3 storm dragons (Depths:2)
  4 nagarajas
  A fenstrider witch (Swamp:4)
  13 rockslimes
  6 frost giants
  3 orc warlords
  An iron dragon (Depths:4)
  10 fire giants
  10 vault wardens
  A draconian scorcher (Depths:5)
  The ghost of 2FriedEggs the Severer, a journeyman FoAK of Lugonu (D:12)
  3 deep elf elementalists (Elf:3)
  8 deep elf sorcerers
  6 cacodemons
  Aizul (Snake:4)
  5 balrugs
  A draconian shifter (Depths:5)
  3 curse skulls
  21 stone giants
  18 ironbound preservers
  10 quicksilver oozes
  45 very ugly things
  9 war gargoyles
  2 spriggan defenders
  2 reapers (Crypt:3)
  An ophan (Depths:1)
  2 green draconians (Depths:5)
  8 vampire knights
  2 hydra skeletons
  3 lorocyprocas
  12 deep elf demonologists
  A black draconian (Abyss:1)
  2 pale draconians (Depths:5)
  5 bennus (Tomb:1)
  5 deep elf annihilators (Elf:3)
  8 spark wasps
  3 dire elephants (Vaults:1)
  2 purple draconians (Depths:5)
  An entropy weaver (Vaults:3)
  10 ettins
  2 red draconians (Depths:5)
  6 bunyips
  5 blizzard demons
  4 crystal guardians
  2 merfolk javelineers (Depths:1)
  9 eidola
  2 eleionomae
  A green death (Abyss:2)
  6 mummy priests
  An eleionoma (shapeshifter) (Depths:4)
  11 deep elf death magi
  11 yaktaur captains
  10 fire dragons
  The ghost of Puekk the Protected, a journeyman DsMo of Wu Jian (Lair:4)
  A fire dragon (shapeshifter) (Depths:5)
  4 shambling mangroves
  17 jiangshi
  5 deep elf high priests
  18 hydras
  12 great orbs of eyes
  8 rakshasas
  5 salamander tyrants
  17 naga warriors
  An ice dragon (shapeshifter) (Vaults:5)
  A hell beast (Depths:5)
  A quicksilver dragon skeleton (Abyss:3)
  Josephine (D:15)
  7 ice dragons
  4 centaur warriors
  Erolcha (D:11)
  7 boulder beetles
  4 ironbound thunderhulks
  A hydra (shapeshifter) (Vaults:5)
  19 vault guards
  3 ogre magi
  4 spriggan air magi
  3 ghost crabs
  6 peacekeepers
  13 anacondas
  2 death knights
  8 two-headed ogres
  13 alligators
  15 death scarabs
  A catoblepas (Lair:6)
  3 death yaks (Lair:6)
  6 ironbound frosthearts
  6 hell hogs (Abyss:2)
  5 tengu warriors
  4 deep troll shamans
  5 orc high priests
  3 deep troll earth magi
  10 vampire magi
  18 thrashing horrors
  4 ironbound beastmasters
  Sonja (Orc:2)
  4 spriggan berserkers
  11 shock serpents
  15 naga sharpshooters
  22 deep elf knights
  An iron golem (WizLab)
  A storm dragon zombie (Crypt:3)
  2 hell knights (Depths:2)
  12 sixfirhies
  4 sun demons
  23 wretched stars
  6 goliath frogs
  11 soul eaters
  A salamander mystic (Snake:1)
  4 iron trolls
  3 titan skeletons
  41 deep trolls
  A storm dragon skeleton (Depths:3)
  A golden dragon zombie (Crypt:3)
  6 spatial maelstroms
  13 swamp dragons
  A death drake (shapeshifter) (Vaults:5)
  11 skeletal warriors
  2 anaconda zombies (Crypt:3)
  A bog body (Swamp:2)
  3 flayed ghosts
  3 spriggan druids
  4 spectral hydras
  10 naga ritualists
  12 wizards
  A harpy (shapeshifter) (WizLab)
  14 deep elf archers
  7 glowing orange brains
  23 phantasmal warriors
  23 ironbound convokers
  A lindwurm (shapeshifter) (WizLab)
  4 lindwurms
  2 wolf spider zombies
  30 deep elf zephyrmancers
  17 necromancers
  3 orc knights (Orc:2)
  2 orb spiders
  4 wolf spiders
  An iron dragon zombie (Crypt:2)
  2 shadow dragon zombies
  An orb spider (shapeshifter) (D:14)
  28 deep elf pyromancers
  9 orc sorcerers
  3 fire giant zombies
  5 shining eyes
  12 mana vipers
  62 ugly things
  3 oklob plants (Swamp:4)
  9 salamanders
  8 cyclopes
  2 tengu skeletons
  3 stone giant zombies
  6 will-o-the-wisps
  13 worldbinders
  An iron dragon skeleton (Vaults:1)
  3 manticores
  Joseph (D:9)
  2 salamanders (shapeshifter)
  4 frost giant zombies
  3 ice statues
  2 black mambas (shapeshifter)
  4 elephants (Lair:6)
  A fire giant skeleton (Crypt:3)
  2 guardian serpents (shapeshifter)
  2 dire elephant zombies
  5 apocalypse crabs
  17 cane toads
  3 guardian serpents
  19 vault sentinels
  2 stone giant skeletons (Crypt:3)
  A titan simulacrum (Abyss:2)
  50 black mambas
  2 frost giant skeletons
  22 naga magi
  9 eyes of devastation
  A torpor snail (shapeshifter) (Abyss:1)
  13 orange demons
  2 rime drakes (shapeshifter) (WizLab)
  22 smoke demons
  Maggie (D:9)
  A tormentor (Abyss:2)
  Psyche (D:8)
  An unseen horror (shapeshifter) (D:14)
  4 unseen horrors
  A shock serpent skeleton (Crypt:1)
  2 efreet
  18 komodo dragons
  An anaconda simulacrum (Abyss:2)
  A demonic crawler (Abyss:3)
  15 hellwings
  4 rime drakes
  14 yaktaurs
  6 tengu conjurers
  7 freezing wraiths
  A yaktaur zombie (Vaults:1)
  13 ice devils
  A troll (shapeshifter) (WizLab)
  A red devil (Abyss:2)
  6 jumping spiders (Crypt:3)
  18 guardian mummies
  13 ancient zymes
  A queen bee (shapeshifter) (Depths:4)
  3 meliai (D:11)
  A meliai (shapeshifter) (WizLab)
  A wandering mushroom (Lair:2)
  A bloated husk (Swamp:2)
  An iron troll skeleton (Crypt:2)
  A polar bear (shapeshifter) (WizLab)
  A jumping spider (shapeshifter) (WizLab)
  4 hydra zombies
  6 trolls
  100 slime creatures
  38 raiju
  13 hornets
  13 tyrant leeches
  A hornet (shapeshifter) (WizLab)
  12 blink frogs
  A death drake skeleton (Swamp:4)
  3 ettin zombies
  3 raiju (shapeshifter)
  A guardian serpent zombie (Crypt:1)
  A satyr zombie (Crypt:2)
  An ice dragon zombie (Crypt:3)
  2 alligator zombies
  14 dream sheep (Lair:6)
  13 flying skulls
  An ice dragon skeleton (Tomb:2)
  4 air elementals
  14 ynoxinuls
  A redback (Lair:6)
  7 spriggans
  4 spriggans (shapeshifter)
  13 wraiths
  An ettin skeleton (Crypt:3)
  A centaur simulacrum (D:15)
  A hog (shapeshifter) (WizLab)
  47 yaks
  The ghost of AtomicRavioli the Cudgeller, an amateur NaWr (D:3)
  10 water elementals
  2 shadows
  A dire elephant simulacrum (Abyss:1)
  An elf simulacrum (Vaults:1)
  2 basilisks (shapeshifter)
  A fire elemental (Abyss:1)
  2 humans (shapeshifter)
  22 golden eyes
  12 wyverns
  4 ushabtiu
  A vampire (Abyss:2)
  10 fire bats
  17 vampire mosquitoes
  4 basilisks
  A catoblepas simulacrum (Lair:4)
  19 chaos spawn
  14 neqoxecs
  Grum (D:8)
  A black mamba skeleton (Crypt:3)
  An elf zombie (Vaults:1)
  The ghost of Shayle the Sneak, an amateur DjEn (D:3)
  58 large abominations
  5 wargs
  46 nagas
  7 steam dragons
  18 swamp worms
  A warg (shapeshifter) (WizLab)
  2 spatial vortices (Abyss:2)
  3 acid dragons
  29 water moccasins
  3 cane toad zombies
  A deep troll skeleton (Crypt:2)
  An infernal demonspawn skeleton (Crypt:3)
  A floating eye (shapeshifter) (Depths:4)
  3 hell hounds (Abyss:2)
  4 hydra simulacra
  12 swamp drakes
  2 black bears (shapeshifter) (WizLab)
  6 floating eyes
  An ice beast (D:7)
  An ice dragon simulacrum (Crypt:1)
  53 orc warriors
  2 black bears
  A swamp drake (shapeshifter) (Depths:3)
  2 fire dragon simulacra
  4 ogres
  4 swamp dragon zombies
  72 starcursed masses
  2 necrophages
  2 boggarts (Elf:1)
  11 wolves
  A boggart (shapeshifter) (Elf:2)
  A tengu (shapeshifter) (WizLab)
  4 centaurs
  2 swamp dragon skeletons (Swamp:4)
  3 black mamba simulacra (Lair:4)
  Blork the orc (D:6)
  2 phantoms (D:6)
  A kobold brigand (D:8)
  11 bullfrogs
  3 gnoll sergeants
  2 cane toad simulacra (Abyss:2)
  3 earth elementals
  A palentonga skeleton (Crypt:2)
  3 scorpions
  49 small abominations
  A water moccasin zombie (Crypt:2)
  A ballistomycete (Lair:2)
  A polar bear zombie (Crypt:2)
  2 water moccasin skeletons
  6 wyvern skeletons
  3 killer bees (D:9)
  A manticore simulacrum (Abyss:2)
  A warg skeleton (Crypt:1)
  A human simulacrum (Vaults:1)
  10 wights
  A troll skeleton (Crypt:3)
  A polar bear skeleton (Crypt:2)
  A rime drake simulacrum (Lair:4)
  12 electric eels
  9 howler monkeys
  6 centaur zombies
  7 quasits
  2 bullfrog zombies (D:6)
  2 hounds
  A jelly (D:5)
  18 orc priests
  A bullfrog skeleton (D:5)
  3 human zombies
  A human skeleton (Crypt:1)
  Jessica (D:2)
  3 centaur skeletons
  Terence (D:3)
  10 iron imps
  10 iguanas
  25 orc wizards
  A killer bee zombie (D:7)
  An acid dragon zombie (Crypt:1)
  A dwarf skeleton (Crypt:1)
  A hound skeleton (D:5)
  32 mummies
  23 gnolls
  A howler monkey skeleton (D:6)
  4 adders
  A shadow imp (Abyss:1)
  14 white imps
  9 ufetubi
  3 worms
  5 dart slugs
  79 orcs
  6 spectral bats (Ossuary)
  8 ball pythons
  3 endoplasms
  4 giant cockroaches
  12 gnoll zombies (Ossuary)
  27 goblins
  23 hobgoblins
  15 jackals
  9 kobolds
  7 quokkas
  12 bats
  4 bat simulacra (Ossuary)
  2 frilled lizards
  6 goblin simulacra (Ossuary)
  11 goblin zombies
  A hobgoblin zombie (Ossuary)
  3 kobold simulacra (Ossuary)
  2 kobold zombies (Ossuary)
  8 orc zombies
  5 rats
  3 rat simulacra (Ossuary)
  4 spectral goblins (Ossuary)
  3 spectral kobolds (Ossuary)
  4 spectral rats (Ossuary)
  A lurking horror (Abyss:1)
  A starspawn tentacle (Abyss:2)
2986 creatures vanquished.

Vanquished Creatures (collateral kills)
  Saint Roka (Depths:3)
  A caustic shrike (Depths:2)
  A lich (Depths:2)
  A tengu reaver (Vaults:4)
  A frost giant (Depths:2)
  A vault warden (Vaults:5)
  A very ugly thing (Depths:2)
  A mummy priest (Tomb:2)
  An ettin (Depths:2)
  A fire dragon (Depths:2)
  2 great orbs of eyes
  2 vault guards (Vaults:5)
  A rakshasa (Depths:2)
  2 ice dragons (Depths:2)
  A deep troll earth mage (Depths:2)
  8 death scarabs
  3 deep trolls (Depths:2)
  A golden dragon skeleton (Tomb:2)
  A guardian serpent (Lair:6)
  A yaktaur (Vaults:5)
  A guardian mummy (Tomb:2)
  2 flying skulls (Tomb:2)
  A redback (Lair:6)
  2 ushabtiu (Tomb:2)
  A swamp worm (Swamp:2)
  A warg (Depths:3)
  6 orc warriors (Depths:3)
  A manticore zombie (Tomb:2)
  5 mummies (Tomb:2)
  6 orcs (Depths:3)
58 creatures vanquished.

Vanquished Creatures (others)
  2 royal mummies (Tomb:2)
  A lich (Vaults:5)
  4 titans (Vaults:5)
  4 sphinxes (Tomb:1)
  3 tengu reavers
  A shadow dragon (Vaults:5)
  A revenant (Tomb:2)
  A fire giant (Vaults:4)
  A frost giant (Vaults:5)
  3 vault wardens
  A cacodemon (Tomb:2)
  An ironbound preserver (Vaults:4)
  A stone giant (Vaults:5)
  2 war gargoyles
  A bennu (Tomb:1)
  A vampire knight (Depths:4)
  A deep elf demonologist (Vaults:5)
  A spark wasp (shapeshifter) (Vaults:5)
  A deep elf death mage (Vaults:5)
  A mummy priest (Tomb:2)
  An ironbound thunderhulk (Vaults:4)
  12 vault guards (Vaults:5)
  A deep elf high priest (Elf:2)
  2 rakshasas
  A death scarab (Tomb:2)
  22 dancing weapons
  A deep troll earth mage (Depths:2)
  A vampire mage (Depths:2)
  2 thrashing horrors (Abyss:3)
  A skeletal warrior (Tomb:2)
  A golden dragon zombie (Tomb:2)
  2 deep trolls (Vaults:4)
  A glowing orange brain (Vaults:4)
  2 ironbound convokers (Vaults:5)
  2 phantasmal warriors (Vaults:5)
  A wizard (Vaults:1)
  A deep elf pyromancer (Elf:2)
  2 deep elf zephyrmancers
  A worldbinder (Abyss:4)
  2 vault sentinels
  An unseen horror (shapeshifter) (Vaults:5)
  7 yaktaurs
  A freezing wraith (Vaults:5)
  A guardian mummy (Tomb:2)
  A fire dragon zombie (Tomb:2)
  A wolf spider simulacrum (Abyss:2)
  2 blink frogs (Abyss:2)
  A water elemental (Elf:3)
  6 large abominations
  A redback (shapeshifter) (WizLab)
  3 ushabtiu (Tomb:2)
  A spriggan (Swamp:3)
  A chaos spawn (Abyss:2)
  A vampire mosquito (D:12)
  5 spatial vortices (Abyss:3)
  A hydra simulacrum (Abyss:4)
  12 small abominations
  6 mummies (Tomb:2)
  A shadow imp (Abyss:1)
  5 white imps
  4 ufetubi (IceCv)
  2 ballistomycete spores (Lair:2)
  4 bushes
  28 foxfires
  52 fungi
  3 lurking horrors
  113 plants
  42 starspawn tentacles
  8 tentacles (Abyss:2)
  28 withered plants
433 creatures vanquished.

Grand Total: 3477 creatures vanquished

Notes
Turn   | Place    | Note
-------+----------+-------------------------------------------
     0 | D:1      | Shayle the Merfolk Warper began the quest for the Orb.
     0 | D:1      | Reached XP level 1. HP: 16/16 MP: 3/3
   363 | D:1      | Reached XP level 2. HP: 21/23 MP: 5/5
   621 | D:1      | Learned a level 2 spell: Blink
  1033 | D:1      | Reached XP level 3. HP: 26/29 MP: 6/6
  1296 | D:1      | Found Diutwad's Distillery.
  2018 | D:2      | Found Teehij's Book Shoppe.
  2037 | D:2      | Noticed Jessica
  2042 | D:2      | Killed Jessica
  2043 | D:2      | Reached skill level 5 in Polearms
  2043 | D:2      | Reached XP level 4. HP: 33/36 MP: 7/7
  2085 | D:2      | Found Yhugen's Distillery.
  2197 | D:2      | Found Isyupont's Book Shoppe.
  2302 | D:2      | Found Xeatox's Weapon Boutique.
  2691 | D:2      | Found a faded altar of an unknown god.
  2819 | D:2      | Found Sidd's Assorted Antiques.
  2823 | D:2      | Bought 2 scrolls labelled ZUMAISOSKEU for 46 gold pieces
  2823 | D:2      | Identified 3 scrolls of acquirement
  2823 | D:2      | Acquired 968 gold pieces
  2824 | D:2      | Acquired the ring of Freedom {+Blink rF+ rN+ Will+ AC+4}
  2825 | D:2      | Acquired 882 gold pieces
  3433 | D:1      | Bought a potion of experience for 550 gold pieces
  3433 | D:1      | Bought a potion of heal wounds for 55 gold pieces
  3433 | D:1      | Bought a potion of curing for 33 gold pieces
  3433 | D:1      | Bought 2 potions of curing for 66 gold pieces
  3433 | D:1      | Bought 2 potions of mutation for 176 gold pieces
  3433 | D:1      | Bought a potion of lignification for 33 gold pieces
  3433 | D:1      | Reached skill level 10 in Polearms
  3433 | D:1      | Reached XP level 5. HP: 49/49 MP: 8/8
  3489 | D:2      | Bought a potion of curing for 30 gold pieces
  3489 | D:2      | Bought a potion of might for 40 gold pieces
  3489 | D:2      | Bought a potion of curing for 30 gold pieces
  3489 | D:2      | Bought a potion of heal wounds for 50 gold pieces
  3489 | D:2      | Bought a potion of haste for 100 gold pieces
  3489 | D:2      | Bought a potion of haste for 100 gold pieces
  3489 | D:2      | Bought a potion of degeneration for 10 gold pieces
  3549 | D:3      | Reached XP level 6. HP: 56/56 MP: 9/9
  3924 | D:3      | Found a white marble altar of Elyvilon.
  3924 | D:3      | Found a glowing silver altar of Zin.
  3924 | D:3      | Found a glowing golden altar of the Shining One.
  4278 | D:3      | Found a runed translucent gate.
  4278 | D:3      | Found a runed translucent gate.
  4278 | D:3      | Found a runed translucent gate.
  4291 | D:3      | Noticed Shayle's ghost (amateur DjEn)
  4291 | D:3      | Noticed AtomicRavioli's ghost (amateur NaWr)
  4405 | D:3      | Noticed Terence
  4411 | D:3      | Killed Terence
  4950 | D:4      | Noticed a necrophage
  4960 | D:4      | Killed a necrophage
  5006 | D:4      | Reached skill level 1 in Shields
  5006 | D:4      | Reached XP level 7. HP: 62/62 MP: 10/10
  5612 | D:5      | Entered Level 5 of the Dungeon
  5612 | D:5      | Found Vaseimnedi's Antique Armour Emporium.
  5785 | D:5      | Reached XP level 8. HP: 57/69 MP: 11/11
  5861 | D:5      | Found a staircase to the Ecumenical Temple.
  5878 | Temple   | Entered the Ecumenical Temple
  5953 | Temple   | Became a worshipper of Gozag Ym Sagoz the Greedy
  6497 | D:5      | Found Wumesok's Antique Weapon Shop.
  6725 | D:6      | Found Vuiluwn's Distillery.
  6734 | D:6      | Bought a potion of curing for 36 gold pieces
  6734 | D:6      | Bought a potion of heal wounds for 60 gold pieces
  6734 | D:6      | Bought a potion of might for 48 gold pieces
  6734 | D:6      | Bought a potion of heal wounds for 60 gold pieces
  6734 | D:6      | Bought a potion of haste for 120 gold pieces
  6734 | D:6      | Bought a potion of heal wounds for 60 gold pieces
  6781 | D:6      | Noticed Blork the orc
  6797 | D:6      | Killed Blork the orc
  6902 | D:6      | Reached skill level 10 in Dodging
  7030 | D:6      | Reached XP level 9. HP: 54/76 MP: 12/12
  7230 | D:6      | Found Coam's Armour Boutique.
  7233 | D:6      | Bought a +2 pair of gloves for 214 gold pieces
  7413 | D:6      | Found Iciwanlao's Assorted Antiques.
  7420 | D:6      | Bought a steaming leather armour for 224 gold pieces
  7420 | D:6      | Identified the +0 leather armour of Floral Leaves {rPois
                  | Str+4 Dex-5} (You bought it in a shop on level 6 of the
                  | Dungeon)
  7475 | D:6      | Found a basalt altar of Yredelemnul.
  7475 | D:6      | Found a shadowy altar of Dithmenos.
  7475 | D:6      | Found an ancient bone altar of Kikubaaqudgha.
  7504 | D:6      | Found Syxaewk's Antique Weapon Shop.
  7775 | D:7      | Found Qext's Distillery.
  7783 | D:7      | Bought a potion of brilliance for 52 gold pieces
  7783 | D:7      | Bought a potion of flight for 39 gold pieces
  8259 | D:7      | Noticed a cyclops
  8272 | D:7      | Killed a cyclops
  8617 | D:7      | Noticed a six-headed hydra
  8649 | D:7      | Killed a six-headed hydra
  8650 | D:7      | Reached skill level 10 in Fighting
  8650 | D:7      | Reached XP level 10. HP: 20/85 MP: 13/13
  9348 | D:8      | Found a sand-covered staircase.
  9357 | Ossuary  | Entered an ossuary
  9991 | Ossuary  | Acquired an amulet of reflection
 10396 | D:8      | Noticed Psyche
 10401 | D:8      | Killed Psyche
 11308 | D:8      | Found a staircase to the Lair.
 11346 | D:8      | Noticed Grum
 11385 | D:8      | Killed Grum
 11745 | D:6      | Reached XP level 11. HP: 92/93 MP: 14/14
 12217 | D:9      | Found the +8 lance "Wyrmbane" {slay drac, rPois rF+ rC+
                  | AC+3}
 12429 | D:9      | Found a broken altar of Ashenzari.
 12436 | D:9      | Found a stormy altar of Qazlal.
 12450 | D:9      | Found a bloodstained altar of Trog.
 12453 | D:9      | Found a shimmering blue altar of Sif Muna.
 12533 | D:9      | Noticed Joseph
 12547 | D:9      | Killed Joseph
 12548 | D:9      | Reached skill level 1 in Evocations
 12560 | D:9      | Noticed Maggie
 12573 | D:9      | Killed Maggie
 12610 | D:9      | Noticed a two-headed ogre
 12645 | D:9      | Killed a two-headed ogre
 12998 | Lair:1   | Entered Level 1 of the Lair of Beasts
 13770 | Lair:1   | Reached skill level 5 in Spellcasting
 13974 | Lair:1   | Identified the +1 leather armour of Vimoti Juppu {Rampage
                  | Drain rElec rF++}
 13986 | Lair:1   | Reached skill level 5 in Evocations
 13995 | Lair:1   | Reached XP level 12. HP: 93/103 MP: 19/19
 14386 | Lair:2   | Noticed an eight-headed hydra
 14417 | Lair:2   | Killed an eight-headed hydra
 14681 | Lair:2   | Found the macabre finger necklace {rN+}
 14713 | Lair:2   | Upgraded the game from 0.27-a0-1188-g73eefd5def to
                  | 0.27-a0-1189-gb8eb6cee8e
 14850 | Lair:2   | Learned a level 2 spell: Wereblood
 14854 | Lair:2   | Learned a level 3 spell: Stone Arrow
 15087 | Lair:2   | Reached skill level 1 in Earth Magic
 16728 | Lair:3   | Found a staircase to the Swamp.
 16800 | Lair:3   | Found a staircase to the Snake Pit.
 17128 | Lair:4   | Found a runed translucent gate.
 17139 | Lair:4   | Found a runed translucent gate.
 17139 | Lair:4   | Found a runed translucent gate.
 17385 | Lair:4   | Reached XP level 13. HP: 111/111 MP: 23/23
 17987 | Lair:4   | Noticed Puekk's ghost (journeyman DsMo)
 18908 | Lair:6   | Entered Level 6 of the Lair of Beasts
 19673 | Lair:6   | Reached skill level 5 in Translocations
 19941 | Lair:6   | Found a viscous altar of Jiyva.
 19943 | Lair:6   | Found a staircase to the Slime Pits.
 20519 | Lair:6   | Reached XP level 14. HP: 117/120 MP: 26/26
 20746 | Lair:6   | Reached skill level 5 in Earth Magic
 20863 | Lair:6   | Identified the +10 dagger of Dissent {vamp, rElec rF+ Str+4
                  | Dex+3}
 21000 | Lair:6   | Identified the +9 halberd "Colom" {freeze, Drain Will+
                  | Str+5 SInv}
 22430 | D:10     | Entered Level 10 of the Dungeon
 22777 | D:10     | Identified the +5 falchion of Righteous Fury {drain, rF-
                  | rC+++ rN+ Stlth-}
 23751 | D:11     | Found Jioreniu's Serpentskin Sales.
 23855 | D:11     | Identified the +5 rapier of Drought {vorpal, rF+ rCorr}
 23940 | D:11     | Noticed Erolcha
 24005 | D:11     | Killed Erolcha
 24690 | D:12     | Found a transporter.
 24690 | D:12     | Found a transporter.
 24698 | D:12     | Noticed 2FriedEggs's ghost (journeyman FoAK)
 24752 | D:12     | Found a staircase to the Orcish Mines.
 24775 | Orc:1    | Entered Level 1 of the Orcish Mines
 24789 | Orc:1    | Found a flagged portal.
 24827 | Bailey   | Entered a bailey
 24876 | Bailey   | Learned a level 5 spell: Lee's Rapid Deconstruction
 25226 | Bailey   | Noticed an orc warlord
 25279 | Bailey   | Killed an orc warlord
 25439 | Bailey   | Reached skill level 15 in Fighting
 25555 | Bailey   | Acquired the Disquisition on the Frigorific Oath
 25705 | Orc:1    | You fall into a shaft and drop 1 floor!
 25705 | Orc:2    | Entered Level 2 of the Orcish Mines
 25715 | Orc:2    | Found Waanarph's Antique Armour Shop.
 25715 | Orc:2    | Found Tuoc's Book Shop.
 25718 | Orc:2    | Found Fafianee's Assorted Antiques.
 25747 | Orc:2    | Reached XP level 15. HP: 90/129 MP: 28/28
 25791 | Orc:2    | Found Ixeg's Weapon Boutique.
 25834 | Orc:2    | Bought shiny pearl dragon scales for 2144 gold pieces
 25846 | Orc:2    | Bought a scroll of blinking for 202 gold pieces
 25846 | Orc:2    | Bought a scroll of blinking for 202 gold pieces
 25847 | Orc:2    | Bought a book of the Earth for 1040 gold pieces
 25854 | Orc:2    | Learned a level 6 spell: Statue Form
 26004 | Orc:2    | Reached skill level 1 in Armour
 26008 | Orc:2    | Noticed Sonja
 26015 | Orc:2    | Killed Sonja
 26152 | Orc:2    | Gained mutation: Your body sometimes deteriorates upon
                  | taking damage. [a neqoxec]
 26154 | Orc:2    | Gained mutation: You are clumsy. (Dex -2) [a neqoxec]
 26378 | Orc:2    | Paralysed by an orc sorcerer for 7 turns
 26421 | Orc:2    | Found a staircase to the Elven Halls.
 26654 | Orc:1    | Identified the +3 ring mail of Paranoia {+Inv}
 26912 | Orc:1    | Noticed an orc warlord
 26970 | Orc:2    | Killed an orc warlord
 27163 | Orc:1    | Noticed an orc warlord
 27339 | Orc:2    | Killed an orc warlord
 27829 | Orc:1    | Identified the Almanac of the Compass
 29087 | D:13     | Found Fopn's Jewellery Boutique.
 29112 | D:13     | Bought the ring of the Mage {Wiz Will++ Int+3} for 517 gold
                  | pieces
 29112 | D:13     | Found the ring of the Mage {Wiz Will++ Int+3}
 29692 | D:13     | Identified the +2 leather armour of Exclusion {Drain rC+
                  | rCorr Int+2}
 30236 | D:14     | Reached skill level 5 in Armour
 30581 | D:14     | Found an iron altar of Okawaru.
 30853 | D:14     | Found a gate to the Vaults.
 31162 | Swamp:1  | Entered Level 1 of the Swamp
 31258 | D:8      | Bought the +1 cloak of Starlight {*Dazzle EV+4 Stlth--} for
                  | 945 gold pieces
 31258 | D:8      | Found the +1 cloak of Starlight {*Dazzle EV+4 Stlth--}
 31287 | Lair:1   | Reached XP level 16. HP: 136/136 MP: 29/29
 31609 | Swamp:1  | Reached XP level 17. HP: 142/142 MP: 30/30
 32030 | Swamp:1  | Acquired the ring of Bexig {rElec rPois rC- Will+ Dex+8}
 35390 | Swamp:4  | Entered Level 4 of the Swamp
 36905 | Swamp:3  | Reached XP level 18. HP: 146/149 MP: 31/31
 37056 | Swamp:3  | Reached skill level 10 in Armour
 37056 | Swamp:3  | Reached skill level 10 in Translocations
 38159 | Swamp:4  | Found a basalt altar of Yredelemnul.
 38551 | Swamp:4  | Found a blossoming altar of Fedhas.
 38911 | Swamp:4  | Reached skill level 10 in Earth Magic
 39332 | Swamp:4  | Got a decaying rune of Zot
 40217 | D:15     | Entered Level 15 of the Dungeon
 40455 | D:15     | Found a shimmering blue altar of Sif Muna.
 40473 | D:15     | Noticed Josephine
 40491 | D:15     | Killed Josephine
 40934 | D:15     | Identified the +7 flail "Xaedghiung" {vorpal, Int+5}
 41023 | D:15     | Found a staircase to the Depths.
 41240 | Vaults:1 | Entered Level 1 of the Vaults
 41274 | Vaults:1 | Found Nenyaz's Assorted Antiques.
 42355 | D:14     | Acquired 1168 gold pieces
 42541 | D:7      | Bought a potion of mutation for 104 gold pieces
 42541 | D:7      | Bought a potion of invisibility for 104 gold pieces
 42541 | D:7      | Bought a potion of curing for 39 gold pieces
 42541 | D:7      | Bought 2 potions of heal wounds for 130 gold pieces
 42800 | D:3      | Killed AtomicRavioli's ghost
 42811 | D:3      | Killed Shayle's ghost
 43120 | Orc:2    | Bought a potion of mutation for 216 gold pieces
 43280 | Vaults:1 | Bought a potion of mutation for 208 gold pieces
 44181 | Vaults:1 | Identified the +6 war axe of the Swamp {vorpal, Str+4}
 44336 | Vaults:1 | Reached XP level 19. HP: 80/155 MP: 32/32
 46962 | Elf:1    | Entered Level 1 of the Elven Halls
 47525 | Elf:1    | Found Monol's Weapon Shoppe.
 50007 | Elf:2    | Noticed Nikola
 50078 | Elf:2    | Killed Nikola
 50093 | Elf:2    | Reached XP level 20. HP: 69/162 MP: 33/33
 50564 | Elf:2    | Found a runed translucent gate.
 50564 | Elf:2    | Found a runed translucent gate.
 50565 | Elf:2    | Found a runed translucent gate.
 51834 | Elf:2    | HP: 6/162 [+0 glaive of distortion (20)]
 52484 | Elf:3    | Entered Level 3 of the Elven Halls
 52627 | Elf:3    | Noticed a Brimstone Fiend
 52821 | Elf:2    | Acquired the ring "Bamo" {rN+ rCorr SInv}
 52919 | Elf:3    | Noticed Bai Suzhen
 52954 | Elf:3    | Killed Bai Suzhen
 54121 | Elf:3    | Identified the amulet "Pilybosm" {RegenMP +Blink rC- MP-9
                  | Dex+9}
 54123 | Elf:3    | Identified the +2 rapier of an ice cave {antimagic, rCorr
                  | Int-5 Dex+4}
 54123 | Elf:3    | Identified the amulet of Moodiness {RegenMP Harm}
 54132 | Elf:3    | Identified the +8 glaive of Death {flame, Dex+4}
 54133 | Elf:3    | Identified the ring "Zoklyrr" {Fire rElec Str-5 Dex+2}
 54136 | Elf:3    | Identified the +7 quarterstaff of Buwecs {drain, Drain
                  | rElec Int+4 Stlth+}
 54790 | Elf:3    | Noticed Asterion
 55081 | Elf:3    | Killed Asterion
 55169 | Elf:3    | Cast into level 2 of the Abyss (a deep elf demonologist)
 55375 | Abyss:2  | Found a corrupted altar of Lugonu.
 55496 | Abyss:2  | Reached XP level 21. HP: 106/168 MP: 34/34
 55904 | Abyss:2  | Gained mutation: Your body often deteriorates upon taking
                  | damage. [a cacodemon]
 55930 | Abyss:2  | Gained mutation: You are occasionally teleported next to
                  | monsters. [a cacodemon]
 56214 | Abyss:2  | Gained mutation: You are weak. (Str -2) [a neqoxec]
 56218 | Abyss:2  | Gained mutation: You are very clumsy. (Dex -4) [a neqoxec]
 56273 | Abyss:2  | Noticed a bone dragon
 56291 | Abyss:2  | Noticed a bone dragon
 56525 | Abyss:2  | Noticed a bone dragon
 56526 | Elf:3    | Escaped the Abyss
 57851 | Elf:3    | Found the +6 arbalest "Damnation" {damnation}
 57891 | Elf:3    | Identified the Guide on Moulding and Envenoming
 57971 | Elf:3    | Found Eniaguj's Antique Weapon Boutique.
 58651 | Vaults:2 | Cast into level 3 of the Abyss (vault warden)
 58960 | Abyss:3  | Lost mutation: You are weak. (Str -2) [potion of mutation]
 58960 | Abyss:3  | Lost mutation: You are very clumsy. (Dex -4) [potion of
                  | mutation]
 58960 | Abyss:3  | Lost mutation: You are occasionally teleported next to
                  | monsters. [potion of mutation]
 58960 | Abyss:3  | Gained mutation: Your spells are a little harder to cast,
                  | but a little more powerful. [potion of mutation]
 58961 | Abyss:3  | Lost mutation: Your body often deteriorates upon taking
                  | damage. [potion of mutation]
 58961 | Abyss:3  | Lost mutation: Your spells are a little harder to cast, but
                  | a little more powerful. [potion of mutation]
 58961 | Abyss:3  | Lost mutation: Your body sometimes deteriorates upon taking
                  | damage. [potion of mutation]
 58961 | Abyss:3  | Gained mutation: You expend magic power (3 MP) to
                  | strengthen your wands. [potion of mutation]
 58962 | Abyss:3  | Lost mutation: You expend magic power (3 MP) to strengthen
                  | your wands. [potion of mutation]
 58962 | Abyss:3  | Lost mutation: You are clumsy. (Dex -2) [potion of
                  | mutation]
 58962 | Abyss:3  | Gained mutation: You are partially covered in iridescent
                  | scales. (AC +2) [potion of mutation]
 58962 | Abyss:3  | Gained mutation: Your spells are a little easier to cast,
                  | but a little less powerful. [potion of mutation]
 58962 | Abyss:3  | Gained mutation: You are dopey. (Int -2) [potion of
                  | mutation]
 58971 | Abyss:3  | Lost mutation: You are dopey. (Int -2) [potion of mutation]
 58971 | Abyss:3  | Lost mutation: You are partially covered in iridescent
                  | scales. (AC +2) [potion of mutation]
 58971 | Abyss:3  | Gained mutation: Your body sometimes deteriorates upon
                  | taking damage. [potion of mutation]
 58971 | Abyss:3  | Gained mutation: You are partially covered in iridescent
                  | scales. (AC +2) [potion of mutation]
 58971 | Abyss:3  | Gained mutation: You are dopey. (Int -2) [potion of
                  | mutation]
 58990 | Abyss:3  | Lost mutation: You are dopey. (Int -2) [potion of mutation]
 58990 | Abyss:3  | Lost mutation: Your body sometimes deteriorates upon taking
                  | damage. [potion of mutation]
 58990 | Abyss:3  | Gained mutation: You are clumsy. (Dex -2) [potion of
                  | mutation]
 58990 | Abyss:3  | Lost mutation: You are clumsy. (Dex -2) [potion of
                  | mutation]
 58990 | Abyss:3  | Lost mutation: Your spells are a little easier to cast, but
                  | a little less powerful. [potion of mutation]
 59013 | Abyss:3  | Found a corrupted altar of Lugonu.
 59076 | Abyss:3  | Found a corrupted altar of Lugonu.
 59145 | Abyss:3  | Reached skill level 15 in Armour
 59157 | Abyss:3  | Noticed a bone dragon
 59185 | Abyss:3  | Killed a bone dragon
 59215 | Abyss:3  | Noticed a bone dragon
 59244 | Abyss:3  | Killed a bone dragon
 59381 | Vaults:2 | Escaped the Abyss
 59989 | Vaults:2 | Found a staircase to the Crypt.
 59989 | Vaults:2 | Found an ancient bone altar of Kikubaaqudgha.
 59989 | Vaults:2 | Found a basalt altar of Yredelemnul.
 60122 | Vaults:2 | Acquired the +3 helmet of Instinct {rF+ Int+3 Dex+4}
 61912 | Slime:1  | Entered Level 1 of the Pits of Slime
 61942 | Lair:6   | Learned a level 5 spell: Manifold Assault
 62495 | Slime:1  | Upgraded the game from 0.27-a0-1189-gb8eb6cee8e to
                  | 0.27-a0-1191-g601b473118
 62612 | Slime:1  | Gained mutation: You are weak. (Str -2) [a shining eye]
 62616 | Slime:1  | Gained mutation: You are occasionally teleported next to
                  | monsters. [a shining eye]
 62617 | Slime:1  | Gained mutation: Potions are less effective at restoring
                  | your health. [a shining eye]
 62626 | Slime:1  | Lost mutation: You are partially covered in iridescent
                  | scales. (AC +2) [potion of mutation]
 62626 | Slime:1  | Lost mutation: You are weak. (Str -2) [potion of mutation]
 62626 | Slime:1  | Gained mutation: Armour fits poorly on your strangely
                  | shaped body. [potion of mutation]
 62627 | Slime:1  | Lost mutation: Armour fits poorly on your strangely shaped
                  | body. [potion of mutation]
 62627 | Slime:1  | Lost mutation: You are occasionally teleported next to
                  | monsters. [potion of mutation]
 62627 | Slime:1  | Gained mutation: Your mind is acute. (Int +2) [potion of
                  | mutation]
 62627 | Slime:1  | Gained mutation: You have a pair of small horns on your
                  | head. [potion of mutation]
 62628 | Slime:1  | Lost mutation: Potions are less effective at restoring your
                  | health. [potion of mutation]
 62628 | Slime:1  | Lost mutation: You have a pair of small horns on your head.
                  | [potion of mutation]
 62628 | Slime:1  | Lost mutation: Your mind is acute. (Int +2) [potion of
                  | mutation]
 62628 | Slime:1  | Gained mutation: You tend to lose your temper in combat.
                  | [potion of mutation]
 62628 | Slime:1  | Gained mutation: You are covered in fur. (AC +1) [potion of
                  | mutation]
 62628 | Slime:1  | Gained mutation: You are agile. (Dex +2) [potion of
                  | mutation]
 62629 | Slime:1  | Lost mutation: You are covered in fur. (AC +1) [potion of
                  | mutation]
 62629 | Slime:1  | Lost mutation: You are agile. (Dex +2) [potion of mutation]
 62629 | Slime:1  | Gained mutation: You passively map a small area around you.
                  | [potion of mutation]
 62629 | Slime:1  | Gained mutation: You are partially covered in iridescent
                  | scales. (AC +2) [potion of mutation]
 62629 | Slime:1  | Gained mutation: You have sharp fingernails. [potion of
                  | mutation]
 64357 | Vaults:3 | Reached XP level 22. HP: 97/175 MP: 3/35
 65252 | Vaults:3 | Gained mutation: You are dopey. (Int -2) [mutagenic glow]
 65278 | Vaults:3 | Gained mutation: Armour fits poorly on your strangely
                  | shaped body. [mutagenic glow]
 65751 | Snake:1  | Entered Level 1 of the Snake Pit
 65890 | Snake:1  | Identified the ring "Mucejiho" {rC+ MP+9 Int+6}
 67993 | Snake:3  | Reached skill level 15 in Earth Magic
 69875 | Snake:3  | Identified the Collected Works on Cold
 70133 | Snake:4  | Entered Level 4 of the Snake Pit
 70181 | Snake:4  | Found a shimmering blue altar of Sif Muna.
 70299 | Snake:4  | Found a frozen archway.
 70347 | IceCv    | Entered an ice cave
 70957 | IceCv    | Identified the +6 ice dragon scales of Iren {rPois rF- rC++
                  | Will+}
 71461 | Snake:4  | Reached XP level 23. HP: 158/181 MP: 36/36
 71483 | Snake:4  | Identified the +8 rapier of the Protecting Queen {flame,
                  | *Corrode rPois rF++ rC+}
 72631 | Snake:4  | Got a serpentine rune of Zot
 72812 | Snake:4  | Found a transporter.
 72814 | Snake:4  | Noticed Cengyal's ghost (adept MiGl)
 72825 | Snake:4  | Found a transporter.
 72903 | Snake:4  | Noticed Aizul
 72930 | Snake:4  | Killed Aizul
 73559 | Crypt:1  | Entered Level 1 of the Crypt
 73769 | Depths:1 | Entered Level 1 of the Depths
 74017 | Depths:1 | Found a gateway to a ziggurat.
 74260 | Depths:2 | Found a gateway to Hell.
 74407 | Depths:2 | Found a magical portal.
 74416 | WizLab   | Entered Cigotuvi's Fleshworks
 75607 | WizLab   | Paralysed by a floating eye for 3 turns
 75622 | WizLab   | Paralysed by a floating eye for 2 turns
 75626 | WizLab   | Reached skill level 15 in Translocations
 75665 | WizLab   | Identified the ring of the Median {rF+ Will+ Stlth+}
 75688 | WizLab   | Paralysed by a floating eye for 4 turns
 75846 | WizLab   | Identified Cigotuvi's Incunabulum of Doomed Shape Shifting
 77457 | Depths:1 | Paralysed by a floating eye for 3 turns
 77839 | Depths:1 | Lost mutation: You are partially covered in iridescent
                  | scales. (AC +2) [potion of mutation]
 77839 | Depths:1 | Lost mutation: Armour fits poorly on your strangely shaped
                  | body. [potion of mutation]
 77839 | Depths:1 | Lost mutation: You are dopey. (Int -2) [potion of mutation]
 77839 | Depths:1 | Lost mutation: You tend to lose your temper in combat.
                  | [potion of mutation]
 77839 | Depths:1 | Gained mutation: Your spells are a little harder to cast,
                  | but a little more powerful. [potion of mutation]
 78057 | Depths:1 | Lost mutation: Your spells are a little harder to cast, but
                  | a little more powerful. [a shining eye]
 78066 | Depths:1 | Paralysed by a floating eye for 3 turns
 78078 | Depths:1 | Paralysed by a floating eye for 3 turns
 78093 | Depths:1 | Paralysed by a floating eye for 4 turns
 78113 | Depths:1 | Paralysed by a floating eye for 2 turns
 78481 | Depths:1 | Reached XP level 24. HP: 179/188 MP: 36/36
 79861 | Depths:2 | Identified the +9 dagger of Radicalism {drain, rElec rPois
                  | rC- Stlth+}
 79864 | Depths:2 | Gained mutation: You are clumsy. (Dex -2) [a cacodemon]
 80263 | Depths:2 | Noticed a caustic shrike
 80264 | Depths:2 | Identified the +0 plate armour of the King of the Hill
                  | {Regen+}
 80303 | Depths:2 | Killed a caustic shrike
 81171 | Depths:2 | Noticed a caustic shrike
 81177 | Depths:2 | Killed a caustic shrike
 81434 | Depths:2 | Identified Sif Muna's Volume of Frigorific Transformation
 81449 | Depths:2 | Identified the +0 hat of Mouddof {Regen+ Str-5 Dex-3
                  | Slay+5}
 81531 | Depths:2 | Reached skill level 10 in Spellcasting
 81531 | Depths:2 | Reached XP level 25. HP: 183/194 MP: 36/37
 81941 | Depths:3 | Noticed a juggernaut
 81994 | Depths:2 | Killed a juggernaut
 83516 | Depths:3 | Reached XP level 26. HP: 168/201 MP: 13/37
 83630 | Depths:3 | Found a one-way gate leading to the halls of Pandemonium.
 83747 | Depths:3 | Noticed Saint Roka
 83756 | Depths:3 | Killed Saint Roka
 84287 | Depths:4 | Noticed Boris
 84329 | Depths:4 | Killed Boris
 84769 | Depths:4 | Found a one-way gate to the infinite horrors of the Abyss.
 84935 | Depths:4 | You fall into a shaft and drop 1 floor!
 84935 | Depths:5 | Entered Level 5 of the Depths
 85639 | Slime:3  | Gained mutation: Your magical capacity is low. (-10% MP) [a
                  | shining eye]
 85686 | Slime:2  | Lost mutation: You passively map a small area around you.
                  | [potion of mutation]
 85686 | Slime:2  | Lost mutation: You are clumsy. (Dex -2) [potion of
                  | mutation]
 85686 | Slime:2  | Lost mutation: Your magical capacity is low. (-10% MP)
                  | [potion of mutation]
 85686 | Slime:2  | Gained mutation: You are strong-willed. (Will+) [potion of
                  | mutation]
 85686 | Slime:2  | Gained mutation: You tend to lose your temper in combat.
                  | [potion of mutation]
 85686 | Slime:2  | Gained mutation: You have a pair of small antennae on your
                  | head. [potion of mutation]
 85687 | Slime:2  | Lost mutation: You tend to lose your temper in combat.
                  | [potion of mutation]
 85687 | Slime:2  | Lost mutation: You have a pair of small antennae on your
                  | head. [potion of mutation]
 85687 | Slime:2  | Gained mutation: You are frail. (-10% HP) [potion of
                  | mutation]
 85687 | Slime:2  | Gained mutation: You are partially covered in large bone
                  | plates. (SH +4) [potion of mutation]
 85687 | Slime:2  | Gained mutation: Your spells are a little harder to cast,
                  | but a little more powerful. [potion of mutation]
 87780 | Slime:4  | Gained mutation: You are dopey. (Int -2) [a shining eye]
 87808 | Slime:5  | Entered Level 5 of the Pits of Slime
 89882 | Slime:5  | Noticed the Royal Jelly
 89886 | Slime:5  | Found a viscous altar of Jiyva.
 89895 | Slime:5  | Killed the Royal Jelly
 90760 | Slime:5  | Found the +2 hat of the Bear Spirit {Spirit, +Rage rN+
                  | Will++}
 90784 | Slime:5  | Identified Puoquolar's Almanac of the Traveller and
                  | Execration
 90805 | Slime:5  | Identified the +0 tower shield of Death's Door {rElec rN+
                  | Will+}
 90808 | Slime:5  | Identified the +10 mace of Quick Death {drain, rCorr Str+2}
 90829 | Slime:5  | Identified the +3 robe of the Constellations {rN+ Str+3}
 90832 | Slime:5  | Identified the ring "Laucekot" {Will+ EV+4 Str-3 Int+7}
 90872 | Slime:5  | Got a slimy rune of Zot
 90878 | Slime:5  | Identified the +2 scale mail of the Endless Expanse {rPois}
 91863 | Vaults:3 | Found Ytulion's Armour Shoppe.
 92389 | Vaults:3 | Reached XP level 27. HP: 111/186 MP: 37/37
 93129 | Vaults:4 | Identified the ring of Agnosticism {*Corrode rPois Dex+7}
 93788 | Vaults:4 | Noticed Mara
 93793 | Vaults:4 | Noticed Shayle's illusion
 93802 | Vaults:4 | Killed Mara
 94256 | Vaults:4 | Noticed Sojobo
 94421 | Vaults:5 | Entered Level 5 of the Vaults
 94704 | Vaults:5 | Identified the +11 halberd of Slimy Reinforcement {vorpal,
                  | rN+}
 94781 | Vaults:5 | Identified the +4 pair of gloves of Poor Excuses {Rampage}
 95248 | Vaults:5 | Found Bazien's Magic Scroll Shoppe.
 95278 | Vaults:5 | Found Dadeihan's Distillery.
 95286 | Vaults:5 | Bought a potion of haste for 230 gold pieces
 95286 | Vaults:5 | Bought a potion of invisibility for 184 gold pieces
 95286 | Vaults:5 | Bought a potion of haste for 230 gold pieces
 95286 | Vaults:5 | Bought a potion of haste for 230 gold pieces
 95286 | Vaults:5 | Bought a potion of curing for 69 gold pieces
 95527 | Vaults:5 | Noticed an ancient lich
 95740 | Vaults:5 | Killed an ancient lich
 96231 | Vaults:5 | Got a silver rune of Zot
 96974 | Vaults:4 | Killed Sojobo
 98488 | Depths:4 | Noticed a juggernaut
 98488 | Depths:4 | a titan changed into a juggernaut
 98490 | Depths:4 | a juggernaut changed into a rockslime
 98502 | Depths:4 | Noticed a juggernaut
 98502 | Depths:4 | a rockslime changed into a juggernaut
 98522 | Depths:4 | a juggernaut changed into a titan
 98533 | Depths:4 | Noticed a juggernaut
 98533 | Depths:4 | a titan changed into a juggernaut
 98539 | Depths:4 | a juggernaut changed into an iron giant
 99076 | Depths:5 | Found a radiant altar of Vehumet.
 99812 | Depths:5 | Found a gate to the Realm of Zot.
 99973 | Depths:5 | Noticed a juggernaut
100007 | Depths:5 | Killed a juggernaut
100142 | Depths:5 | Noticed a juggernaut
100164 | Depths:5 | Killed a juggernaut
101070 | Depths:1 | Learned a level 7 spell: Ozocubu's Refrigeration
101080 | Depths:1 | Learned a level 9 spell: Absolute Zero
101213 | Depths:4 | Voluntarily entered the Abyss.
101240 | Abyss:1  | Reached skill level 1 in Ice Magic
101696 | Abyss:1  | Reached skill level 5 in Ice Magic
102085 | Abyss:2  | Paralysed by accursed screaming for 1 turns
102678 | Abyss:3  | Got an abyssal rune of Zot
102703 | Depths:4 | Escaped the Abyss
102816 | Depths:4 | Lost mutation: You are frail. (-10% HP) [potion of
                  | mutation]
102816 | Depths:4 | Lost mutation: You are dopey. (Int -2) [potion of mutation]
102816 | Depths:4 | Lost mutation: You are partially covered in large bone
                  | plates. (SH +4) [potion of mutation]
102816 | Depths:4 | Gained mutation: You have a pair of small horns on your
                  | head. [potion of mutation]
102816 | Depths:4 | Gained mutation: You are somewhat resistant to further
                  | mutation. [potion of mutation]
103337 | Crypt:1  | Found a large runed translucent door.
103339 | Crypt:1  | Found a large runed translucent door.
103339 | Crypt:1  | Noticed Litabreata's ghost (veteran FoFi)
103586 | Crypt:1  | Reached skill level 10 in Ice Magic
105923 | Crypt:3  | Entered Level 3 of the Crypt
106325 | Crypt:3  | Noticed an ancient lich
106325 | Crypt:3  | Noticed a dread lich
106357 | Crypt:3  | Killed a dread lich
106371 | Crypt:3  | Killed an ancient lich
106383 | Crypt:3  | Identified the Compendium of the Harmful Traveller
106922 | Crypt:3  | Found an ancient bone altar of Kikubaaqudgha.
107225 | Crypt:3  | Reached skill level 15 in Ice Magic
107719 | Crypt:3  | Found a staircase to the Tomb.
109245 | Tomb:1   | Entered Level 1 of the Tomb of the Ancients
109368 | Tomb:1   | Noticed a royal mummy
109389 | Tomb:1   | Killed a royal mummy
109642 | Tomb:1   | Noticed Khufu
109659 | Tomb:1   | Killed Khufu
109742 | Tomb:1   | Noticed a royal mummy
109761 | Tomb:1   | Killed a royal mummy
110106 | Tomb:1   | Noticed Jory
110149 | Tomb:1   | Killed Jory
111144 | Tomb:1   | Identified the +8 flail "Atyelyraff" {venom, rF- rN++ Int+4
                  | SInv}
111308 | Tomb:2   | Noticed a royal mummy
111308 | Tomb:2   | Noticed a royal mummy
111310 | Tomb:2   | Noticed a royal mummy
111336 | Tomb:2   | Noticed a royal mummy
111337 | Tomb:2   | Noticed a royal mummy
112168 | D:2      | Bought the +7 great mace "Undeadhunter" {disrupt, rN+} for
                  | 632 gold pieces
112168 | D:2      | Found the +7 great mace "Undeadhunter" {disrupt, rN+}
112529 | D:12     | Killed 2FriedEggs's ghost
112926 | Lair:4   | Killed Puekk's ghost
113206 | Lair:4   | Identified the +6 dagger of Jykhoecs {flame, SInv}
114043 | Tomb:2   | Killed a royal mummy
114043 | Tomb:2   | Killed a royal mummy
114045 | Tomb:2   | Killed a royal mummy
115414 | Depths:4 | Voluntarily entered the Abyss.
116507 | Abyss:4  | Lost mutation: Your spells are a little harder to cast, but
                  | a little more powerful. [a cacodemon]
116509 | Abyss:4  | Gained mutation: You are frail. (-10% HP) [a cacodemon]
116692 | Abyss:4  | Gained mutation: You sometimes lose the ability to read
                  | scrolls when taking damage. [a neqoxec]
117133 | Depths:4 | Escaped the Abyss
117486 | Depths:4 | Acquired 867 gold pieces
117490 | Depths:4 | Voluntarily entered the Abyss.
117519 | Abyss:2  | Found a corrupted altar of Lugonu.
118092 | Depths:4 | Escaped the Abyss
118375 | Depths:4 | Voluntarily entered the Abyss.
118389 | Abyss:1  | Noticed an ancient lich
118412 | Abyss:1  | Killed an ancient lich
118708 | Depths:4 | Escaped the Abyss
119001 | Depths:4 | Voluntarily entered the Abyss.
119262 | Abyss:2  | Found a corrupted altar of Lugonu.
119883 | Abyss:2  | Gained mutation: You are very frail. (-20% HP) [a neqoxec]
120170 | Abyss:3  | Lost mutation: You have a pair of small horns on your head.
                  | [potion of mutation]
120170 | Abyss:3  | Lost mutation: You sometimes lose the ability to read
                  | scrolls when taking damage. [potion of mutation]
120171 | Abyss:3  | Lost mutation: You have sharp fingernails. [potion of
                  | mutation]
120171 | Abyss:3  | Lost mutation: You are very frail. (-20% HP) [potion of
                  | mutation]
120171 | Abyss:3  | Lost mutation: You are frail. (-10% HP) [potion of
                  | mutation]
120183 | Depths:4 | Escaped the Abyss
120416 | Depths:4 | Voluntarily entered the Abyss.
120997 | Abyss:1  | Noticed an ancient lich
121012 | Abyss:1  | Killed an ancient lich
121044 | Abyss:1  | Noticed a dread lich
121057 | Abyss:1  | Killed a dread lich
121058 | Abyss:1  | Reached skill level 15 in Spellcasting
121161 | Abyss:2  | Found a corrupted altar of Lugonu.
121617 | Abyss:5  | Entered Level 5 of the Abyss
121881 | Depths:4 | Escaped the Abyss
122158 | Depths:4 | Voluntarily entered the Abyss.
122275 | Depths:4 | Escaped the Abyss
123644 | Tomb:1   | Noticed a royal mummy
123646 | Tomb:1   | Noticed a royal mummy
123648 | Tomb:1   | Noticed a royal mummy
123649 | Tomb:1   | Noticed a royal mummy
123651 | Tomb:1   | Noticed a royal mummy
123652 | Tomb:1   | Noticed a royal mummy
123655 | Tomb:1   | Noticed a royal mummy
123657 | Tomb:1   | Noticed a royal mummy
123659 | Tomb:1   | HP: 13/403 [royal mummy/divine providence (10)]
123660 | Tomb:1   | HP: 2/403 [royal mummy (11)]
123662 | Tomb:1   | Killed from afar by a royal mummy

Illustrated notes

Levels and vault maps discovered:
D:1:      dpeg_arrival_pits, layout_loops_ring, serial_shops, shop,
          minmay_pentomino_w4
D:2:      layout_basic, serial_shops, nicolae_shop_behind_doors, shop,
          shop_statue, shop, nicolae_shop_statue_plus,
          shapermc_ecumenical_altar_totnotflames, uniq_jessica
D:3:      layout_loops_corners, good_gods_mini_temple, gammafunk_ghost_cemetery,
          uniq_terence, uniq_crazy_yiuf_cottage
D:4:      layout_rooms, minmay_misc_feat_tower, minivault_11
D:5:      layout_basic, minmay_temple_entry_junction, serial_shops,
          nicolae_shop_waterfront, shop
D:6:      layout_gridville, gammafunk_temple_overflow_claw, serial_bayou,
          serial_bayou_pond_b, serial_bayou_pond_a, serial_bayou_lagoon_b,
          serial_shops, kennysheep_little_box, kennysheep_mini, shop, shop,
          uniq_blork_the_orc
D:7:      layout_gridville, serial_shops, shop, minmay_small_thing
D:8:      layout_cave_pods, lair_entry_dummy, nicolae_ossuary_entry_giza,
          kennysheep_nondescript, uniq_grum, uniq_psyche
D:9:      layout_small_grid, grunt_temple_overflow_cloverleaf, uniq_maggie,
          uniq_joseph
D:10:     layout_basic
D:11:     layout_roguey, corexii_hall_statues_x, guppyfry_shop_venom,
          uniq_erolcha
D:12:     layout_basic, david_orc_3, nzn_ghost_randoct
D:13:     layout_loops_ring, serial_shops, shop, hangedman_decor_opposing
D:14:     layout_roguey, david_vaults_2, okawaru_metal_pillars_1_2, minivault_19
D:15:     grunt_enter_depths_magical_seal, layout_loops_ring, minivault_4,
          led_sif_pool, uniq_josephine
Temple:   nicolae_temple_hex_pool
Lair:1:   layout_long_grid
Lair:2:   layout_cave_pods, minivault_19, small_statue_intersection,
          serial_bayou_shore_a, grunt_megastairs_2, minmay_lair_oklob_chamber
Lair:3:   layout_gridlike, minmay_swamp_entry_worms, dummy_snake_entry
Lair:4:   layout_regular_city, gammafunk_ghost_icy
Lair:5:   layout_cave_pods
Lair:6:   hangedman_lair_tendril_chambers, layout_small_grid,
          guppyfry_lair_end_dragon, slime_altar_1, serial_bayou_shore_b,
          infiniplex_staircase_pool
Swamp:1:  layout_basic_swamp, nicolae_swamp_round_clearing, swamp_pool1
Swamp:2:  layout_basic_swamp, evilmike_swamp_ruin_wall, swamp_pool1,
          kb_tengu_band
Swamp:3:  layout_falls_marsh, hangedman_swamp_pad
Swamp:4:  byrel_swamp_growth_death_and_undeath, layout_basic_swamp,
          infiniplex_staircase_pool_2
Snake:1:  layout_rooms, hangedman_corner_corridor
Snake:2:  layout_layer_cave
Snake:3:  kennysheep_snake, layout_rooms, grunt_megastairs_4
Snake:4:  minmay_snake_end_coiled, layout_rooms,
          portal_ice_cave_entry_pillars_1, gammafunk_ghost_berserking_beasts,
          basic_altar, uniq_aizul
Slime:1:  layout_caves
Slime:2:  layout_caves
Slime:3:  layout_caves
Slime:4:  layout_caves
Slime:5
Orc:1:    layout_diamond_mine, enter_bailey_5, minmay_orc_treasury
Orc:2:    st_orc_mages, layout_diamond_mine, mines_bat_river, uniq_sonja
Elf:1:    eino_elf_arrival_sip, layout_loops_ring, serial_shops, shop,
          hangedman_elf_disciples
Elf:2:    layout_loops_cross, minivault_27, uniq_nikola
Elf:3:    grunt_elf_hall_diamonds, layout_gridlike, serial_shops,
          nicolae_shop_statue_plus, drop_trap, uniq_asterion, uniq_bai_suzhen
Vaults:1: grunt_vaults_swirl, ontoclasm_vaults_decontamination, v_misc_4,
          hangedman_vaults_snaps, v_alt_pattern_4, nicolae_vaults_alarming,
          hangedman_vaults_slice, layout_vaults_omnigrid, serial_shops, shop
Vaults:2: hangedman_vaults_slither, v_misc_22, dpeg_vaults_monster_row,
          vaults_dpeg_ring, minmay_crypt_entry_necro_gods,
          nicolae_vaults_little_squares_4, vaults_room_fours, v_misc_1,
          vaults_room_corners, hangedman_vaults_river_flow, layout_vaults_ring
Vaults:3: grunt_vaults_diagonal, v_misc_28, hangedman_vaults_cutoff,
          vaults_room_octagon, vaults_dpeg_spiral, grunt_vaults_trifunnel,
          nicolae_vaults_diagonal_hallway_7, st_spiral_rooms,
          ontoclasm_vaults_claustrophobia, vaults_mumra_chevron_long,
          ontoclasm_vaults_ring_square, v_misc_32, dpeg_vaults_monster_box,
          nicolae_vaults_rhombus_7, layout_vaults_omnibox
Vaults:4: hangedman_vaults_stretched_pinwheel, v_misc_22, st_star,
          v_alt_pattern_6, nicolae_vaults_specimen_jars, hangedman_vaults_slice,
          v_misc_2, v_misc_3, nicolae_vaults_asterisk, layout_vaults_big_room,
          uniq_mara, uniq_sojobo
Vaults:5: serial_shops
Crypt:1:  layout_regular_city, ebering_ghost_disaster_area,
          minmay_misc_feat_alley, grunt_crypt_arrival_guarded_gate
Crypt:2:  layout_gridlike
Crypt:3:  evilmike_haunted_forest
Tomb:1:   uniq_jory, uniq_khufu
Tomb:2
Depths:1: layout_long_grid, enter_ziggurat_a, pf_vacation_house_of_asmodeus,
          chequers_big_river, drop_trap, ebering_dispersal_statue_hall,
          st_stairs_2, hangedman_eye_storm
Depths:2: minmay_the_grid_square_5x5_5x5_mashed
          [minmay_the_grid_square_5x5_intrusive_squares,
          minmay_the_grid_square_5x5_plus,
          minmay_the_grid_square_5x5_doubleslash,
          minmay_the_grid_square_5x5_three_walls,
          minmay_the_grid_square_5x5_one_wall,
          minmay_the_grid_square_5x5_gyroscope,
          minmay_the_grid_square_5x5_prize_junk,
          minmay_the_grid_square_5x5_tri_point,
          minmay_the_grid_square_5x5_prize_waves,
          minmay_the_grid_square_5x5_minivault,
          minmay_the_grid_square_5x5_forky, minmay_the_grid_square_5x5_mess,
          minmay_the_grid_square_5x5_prize_monsterx,
          minmay_the_grid_square_5x5_fancy_junction,
          minmay_the_grid_square_5x5_meh, minmay_the_grid_square_5x5_v,
          minmay_the_grid_square_5x5_prize_pseudospiral,
          minmay_the_grid_square_5x5_six,
          minmay_the_grid_square_5x5_prize_rear_guard,
          minmay_the_grid_square_5x5_tetrominoes,
          minmay_the_grid_square_5x5_bite, minmay_the_grid_square_5x5_bridge,
          minmay_the_grid_square_5x5_dogpile,
          minmay_the_grid_square_5x5_inner_z,
          minmay_the_grid_square_5x5_hollow_slash], layout_gridlike,
          nicolae_sextant, hell_entry, mu_enter_wizlab_4, firewood_loft,
          infiniplex_staircase_zigzag_2
Depths:3: hangedman_arch_fort, layout_gridlike, pan_entry, hell_entry,
          abandoned_shop, infiniplex_staircase_hallway_doors, uniq_saint_roka,
          uniq_margery
Depths:4: minmay_expanding_squares, layout_honeycomb, abyss_entry,
          serial_co_window_serial, co_window_corner_a, co_window_paths_b,
          co_window_corner_a, co_window_cross_1, co_window_corner_a,
          co_window_corner_b, co_window_broadway_b, co_window_corner_cb,
          co_window_broadway_c, co_window_paths_c, co_window_corner_b,
          glass_columns_b, glass_columns_c, glass_columns_b,
          hangedman_coc_ice_floe, uniq_boris
Depths:5: evilmike_zot_entry_gauntlet, layout_gridlike, hangedman_decor_lopped,
          grunt_mini_vestibule, vehumet_crystals

Skill      XL: |  1  2  3  4  5  6  7  8  9 10 11 12 13 14 15 16 17 18 19 20 21 22 23 24 25 26 27 |
---------------+----------------------------------------------------------------------------------+-----
Polearms       | 4 5 10 11 12 | 12.0
Fighting       | 3 8 9 10 11 12 13 14 15 | 15.1
Dodging        | 8 9 10 11 13 | 13.1
Shields        | 1 2 3 4 |  4.0
Evocations     | 5 7 8 9 |  9.9
Spellcasting   | 5 6 8 9 10 16 | 16.4
Earth Magic    | 3 4 6 8 9 10 11 12 14 15 16 17 18 19 | 19.0
Translocations | 4 5 7 8 9 11 12 13 14 15 16 18 | 18.1
Armour         | 7 9 11 13 14 15 16 17 18 19 20 21 | 21.5
Ice Magic      | 21 | 21.6
Throwing       | |  1.0

Action                   |  1- 3 |  4- 6 |  7- 9 | 10-12 | 13-15 | 16-18 | 19-21 | 22-24 | 25-27 || total
-------------------------+-------+-------+-------+-------+-------+-------+-------+-------+-------++-------
Melee: Spear             |   179 |   147 |       |       |       |       |       |       |       ||   326
       Trident           |       |    48 |   449 |   545 |       |       |       |       |       ||  1042
       Lance             |       |       |       |   588 |  2007 |  1938 |  2708 |  3088 |  7106 || 17435
       Tailslap          |       |       |       |       |     7 |    36 |       |       |     4 ||    47
       Rapier            |       |       |       |       |    22 |       |       |       |       ||    22
       Dagger            |       |       |       |       |    45 |       |   117 |       |       ||   162
       Headbutt          |       |       |       |       |       |       |       |       |   888 ||   888
       Great mace        |       |       |       |       |       |       |       |       |    50 ||    50
Throw: Boomerang         |       |       |       |       |     5 |       |       |       |       ||     5
       Dart              |       |       |       |       |     3 |       |     1 |     3 |       ||     7
       Throwing net      |       |       |       |       |     2 |       |       |       |       ||     2
 Cast: Blink             |       |       |       |     1 |     1 |       |       |       |    12 ||    14
       Wereblood         |       |       |       |       |     2 |       |       |       |       ||     2
       Lee's Rapid Decon |       |       |       |       |     7 |     9 |    36 |    27 |    28 ||   107
       Stone Arrow       |       |       |       |       |       |       |     1 |     1 |     2 ||     4
       Manifold Assault  |       |       |       |       |       |       |    11 |     8 |    15 ||    34
       Statue Form       |       |       |       |       |       |       |       |       |    41 ||    41
       Ozocubu's Refrige |       |       |       |       |       |       |       |       |    19 ||    19
       Absolute Zero     |       |       |       |       |       |       |       |       |     2 ||     2
Invok: Potion Petition   |       |       |       |       |     4 |     5 |    10 |     7 |    27 ||    53
       Call Merchant     |       |       |       |       |     1 |       |       |       |       ||     1
       Bribe Branch      |       |       |       |       |       |       |       |       |     3 ||     3
 Abil: End Transformatio |       |       |       |       |       |       |       |       |     2 ||     2
       Evoke Berserk Rag |       |       |       |       |       |       |       |       |     2 ||     2
Evoke: Wand              |       |       |     4 |    10 |    16 |    54 |    30 |     4 |    20 ||   138
       Condenser vane    |       |       |       |       |       |       |       |       |     4 ||     4
  Use: Scroll            |       |     3 |       |     1 |    24 |     9 |    19 |    15 |    26 ||    97
       Potion            |       |     1 |     5 |       |     6 |     6 |    31 |     5 |    26 ||    80
 Stab: Sleeping          |       |     2 |       |     5 |     2 |       |       |       |       ||     9
       Distracted        |       |       |     1 |     2 |     8 |     7 |    10 |    14 |    43 ||    85
       Paralysed         |       |       |       |     8 |     8 |       |     3 |     6 |       ||    25
       Invisible         |       |       |       |       |    13 |    24 |    66 |   100 |    91 ||   294
Armor: Leather armour    |    37 |    45 |   106 |   181 |   218 |       |       |       |       ||   587
       Pearl dragon scal |       |       |       |       |   243 |   825 |   813 |   702 |  1769 ||  4352
       Skin              |       |       |       |       |       |       |     8 |       |   421 ||   429
Dodge: Dodged            |    96 |   111 |   200 |   395 |   722 |   851 |   916 |  1084 |  3205 ||  7580
Block: Buckler           |       |     5 |   105 |   427 |   892 |   853 |   966 |  1186 |  3195 ||  7629
       Reflection        |       |       |       |     5 |    12 |    16 |    47 |    89 |    58 ||   227
       Other             |       |       |       |       |       |       |       |       |    62 ||    62

Table legend: (Time is in decaauts)
 A = Elapsed time spent in this place.
 B = Non-inter-level travel time spent in this place.
 C = Inter-level travel time spent in this place.
 D = Time resting spent in this place.
 E = Time spent auto-exploring this place.
 F = Levels seen in this place.
 G = Mean time per level.
                   A        B        C        D        E       F      G
               +--------+--------+--------+--------+--------+-----+--------+
         Total | 115418 | 102162 |  13256 |  29553 |  37630 |  80 | 1442.7 |
       Dungeon |  23416 |  17687 |   5729 |   1943 |  11358 |  15 | 1561.1 |
        Temple |     89 |     75 |     14 |      0 |     66 |   1 |   89.0 |
          Lair |  10957 |   9075 |   1882 |   1805 |   4890 |   6 | 1826.2 |
         Swamp |   7146 |   7016 |    130 |   3283 |   1990 |   4 | 1786.5 |
     Snake Pit |   5996 |   5836 |    160 |   1951 |   1885 |   4 | 1499.0 |
    Slime Pits |   6532 |   6208 |    324 |   3207 |   1180 |   5 | 1306.4 |
  Orcish Mines |   3082 |   2540 |    542 |    648 |    871 |   2 | 1541.0 |
   Elven Halls |   8707 |   8418 |    289 |   3613 |   2088 |   3 | 2902.3 |
        Vaults |  13468 |  11972 |   1496 |   3812 |   4239 |   5 | 2693.6 |
         Crypt |   5903 |   5191 |    712 |    577 |   2247 |   3 | 1967.7 |
          Tomb |   4221 |   3655 |    566 |   1831 |    508 |   2 | 2110.5 |
        Depths |  14135 |  12727 |   1408 |   4218 |   4826 |   5 | 2827.0 |
         Abyss |   8101 |   8101 |      0 |   1465 |   1171 |  21 |  385.8 |
       Ossuary |    709 |    709 |      0 |    200 |     45 |   1 |  709.0 |
        Bailey |    683 |    683 |      0 |    141 |     20 |   1 |  683.0 |
      Ice Cave |    761 |    761 |      0 |    254 |    128 |   1 |  761.0 |
        Wizlab |   1504 |   1504 |      0 |    602 |    111 |   1 | 1504.0 |
               +--------+--------+--------+--------+--------+-----+--------+

Top non-repeatable levels by time:
 Abyss:2: 4382 daAuts
Depths:4: 3889 daAuts
Depths:2: 3714 daAuts
   Elf:2: 3660 daAuts
Vaults:1: 3398 daAuts
  Tomb:1: 3292 daAuts
Vaults:2: 3281 daAuts
 Crypt:3: 3180 daAuts
  Lair:6: 2974 daAuts
Depths:1: 2967 daAuts
Vaults:3: 2871 daAuts
 Swamp:3: 2866 daAuts
   Elf:1: 2744 daAuts
Vaults:5: 2351 daAuts
   Elf:3: 2303 daAuts
